 Dungeon Crawl Stone Soup version 0.21.1-1-g345015fe64 (webtiles) character file.

303 Loge the Changer (level 6, -9/47 HPs)
             Began as a Draconian Transmuter on July 16, 2018.
             Splashed by an orc's acid (13 damage)
             ... on level 4 of the Dungeon.
             The game lasted 00:16:48 (4725 turns).

Loge the Changer (Draconian Transmuter)             Turns: 4725, Time: 00:16:49

Health: -9/47      AC:  6    Str: 12    XL:     6   Next: 15%
Magic:  9/10       EV: 12    Int: 15    God:
Gold:   166        SH:  0    Dex: 12    Spells: 3/11 levels left

rFire    . . .     SeeInvis .     - Unarmed
rCold    . . .     Gourm    .   (no shield)
rNeg     . . .     Faith    .   (armour unavailable)
rPois    .         Spirit   .   (helmet restricted)
rElec    .         Reflect  .   (no cloak)
rCorr    .         Harm     .   (no gloves)
MR       .....                  (no boots)
Stlth    +.........             (no amulet)
HPRegen  0.15/turn              (no ring)
MPRegen  0.12/turn              (no ring)

@: appendage
A: unfitting armour, horns 2, cold-blooded, AC +6
a: End Transformation


You were on level 4 of the Dungeon.
You were not hungry.
You had grown temporary horns.
You visited 1 branch of the dungeon, and saw 4 of its levels.

You collected 166 gold pieces.

Inventory:

Hand Weapons
 t - a +0 blowgun
Missiles
 a - 71 arrows
 d - 130 stones (quivered)
 s - 3 tomahawks
 u - 20 poisoned needles
Jewellery
 p - an uncursed amulet of faith {unknown}
 r - a +5 ring of strength {unknown}
Scrolls
 g - 3 scrolls of magic mapping {unknown}
 h - 3 scrolls of identify {unknown}
 j - a scroll of enchant armour {unknown}
 l - 2 scrolls of amnesia {unknown}
 m - a scroll of noise {unknown}
 q - a scroll of fog {unknown}
 w - a scroll of immolation {unknown}
 y - a scroll of teleportation {unknown}
Potions
 e - 4 potions of curing {unknown}
 f - a potion of brilliance {unknown}
 i - a potion of agility {unknown}
 k - a potion of flight {unknown}
 n - a potion of haste {unknown}
 o - a potion of cancellation {unknown}
 v - a potion of might {unknown}
 x - a potion of heal wounds {unknown}
Books
 b - a book of Changes

   Spells                             Type                      Level
   a - Beastly Appendage              Transmutation                1
   b - Sticks to Snakes               Transmutation                2
   c - Spider Form                    Transmutation/Poison         3
   d - Ice Form                       Ice/Transmutation            4
   e - Blade Hands                    Transmutation                5
Comestibles
 c - 9 rations


   Skills:
 - Level 1.1 Fighting
 - Level 1.7 Dodging
 + Level 4.3 Unarmed Combat
 - Level 3.0 Spellcasting
 * Level 5.0 Transmutations


You had 3 spell levels left.
You knew the following spells:

 Your Spells              Type           Power        Failure   Level  Hunger
a - Beastly Appendage     Tmut           ###...       2%          1    #......
b - Sticks to Snakes      Tmut           ###.....     3%          2    ##.....
c - Blade Hands           Tmut           ###.......   56%         5    ######.


Dungeon Overview and Level Annotations

Branches:
Dungeon (4/15)
 Temple: D:4-7

Altars:

Annotations:
D:3 exclusion: 2 downstairs
D:4 lis82's ghost, amateur DgSk


Innate Abilities, Weirdness & Mutations

Your plain brown scales are hard. (AC +6)
You cannot fit into any form of body armour.
You are cold-blooded and may be slowed by cold attacks.
You have a pair of horns on your head.


Message History

Memorise Blade Hands, consuming 5 spell levels and leaving 3?
You start memorising the spell.
You continue memorising. x5
You finish memorising.
Spell assigned to 'c'.
Unknown command.
You eat one of the 10 rations.
That ration really hit the spot!
You start waiting.
Your transformation is almost over.
An orc comes into view. It is wielding a flail.
The orc shouts!
Casting: Beastly Appendage
Confirm with . or Enter, or press ? or * to list all spells.
You extend your transformation's duration.
The orc zaps a wand.
The bolt of acid misses you.
It is a wand of acid (6).
The orc zaps a wand.
The bolt of acid hits you!
You are splashed with acid!
The acid burns!
There is a stone staircase leading up here.
The orc zaps a wand.
The bolt of acid hits you!
* * * LOW HITPOINT WARNING * * *
You are splashed with acid!
The acid burns!
You die...

#...................#.###.
##..................#..##.
##...[...................
#.................#.>...
#..........o............
#...................#..#
#....................>##
#................##.....
####......@...##.##......#.
#.............##.##........
#.............##.####......
#.............##.###..#..##
#...........#....##..###..#
#..........##.......## #...
#..........#......### #...
#.................# #...
#.................# #......


You could see an orc.

Vanquished Creatures
  A crimson imp (D:4)
  A bullfrog zombie (D:4)
  3 gnolls (D:3)
  2 adders
  An ooze (D:1)
  3 leopard geckos
  6 orcs (D:3)
  3 giant cockroaches
  11 goblins
  6 hobgoblins
  8 jackals (D:1)
  9 kobolds
  3 ball pythons
  11 bats
  2 frilled lizards (D:1)
  A quokka skeleton (D:4)
  7 rats
78 creatures vanquished.

Vanquished Creatures (collateral kills)
  2 scorpions (D:4)
  2 worker ants (D:4)
  3 worms
  A leopard gecko (D:4)
  A frilled lizard (D:4)
9 creatures vanquished.

Grand Total: 87 creatures vanquished

Notes
Turn   | Place    | Note
-------+----------+-------------------------------------------
     0 | D:1      | Loge the Draconian Transmuter began the quest for the Orb.
     0 | D:1      | Reached XP level 1. HP: 16/16 MP: 3/3
   232 | D:1      | Reached XP level 2. HP: 19/23 MP: 3/5
   782 | D:1      | Reached XP level 3. HP: 27/28 MP: 6/6
   805 | D:1      | Reached skill level 3 in Transmutations
  1178 | D:2      | Learned a level 2 spell: Sticks to Snakes
  1683 | D:2      | Reached XP level 4. HP: 34/35 MP: 7/7
  3203 | D:3      | Reached skill level 4 in Transmutations
  3500 | D:4      | Noticed lis82's ghost (amateur DgSk)
  3556 | D:3      | Reached XP level 5. HP: 33/40 MP: 1/9
  3770 | D:4      | Noticed a phantom
  4470 | D:4      | Reached XP level 6. HP: 32/47 MP: 2/10
  4702 | D:4      | Reached skill level 5 in Transmutations
  4716 | D:4      | Learned a level 5 spell: Blade Hands
  4725 | D:4      | Splashed by an orc's acid

Skill      XL: |  1  2  3  4  5  6 |
---------------+-------------------+-----
Transmutations | 3 4 5 |  5.0
Unarmed Combat | 4 |  4.3
Spellcasting   | 3 |  3.0
Fighting       | |  1.1
Dodging        | |  1.7

Action                   |  1- 3 |  4- 6 || total
-------------------------+-------+-------++-------
Melee: Unarmed           |   135 |   103 ||   238
       Kick              |    14 |     6 ||    20
       Headbutt          |     9 |    11 ||    20
       Punch             |     2 |     1 ||     3
       Tailslap          |     5 |    14 ||    19
Throw: Stone             |       |     8 ||     8
 Cast: Beastly Appendage |    34 |    34 ||    68
       Sticks to Snakes  |     3 |    21 ||    24
 Stab: Sleeping          |       |     1 ||     1
  Eat: Chunk             |     3 |     7 ||    10
       Ration            |       |     2 ||     2
Armor: Skin              |    41 |    35 ||    76
Dodge: Dodged            |   102 |    79 ||   181
